 Dungeon Crawl Stone Soup version 0.27-a0-1147-gb3d8e82157 (webtiles) character file.

Game seed: 13233926341595032964

35 Froggeryz the Cudgeller (level 3, -4/29 HPs)
             Began as a Demonspawn Chaos Knight on May 11, 2021.
             Was a Plaything of Xom.
             Slain by Sigmund
             ... wielding a +0 scythe
              (12 damage)
             ... on level 2 of the Dungeon.
             The game lasted 00:01:39 (1382 turns).

Froggeryz the Cudgeller (Demonspawn Chaos Knight)   Turns: 1382, Time: 00:01:39

Health: -4/29      AC:  8    Str: 13    XL:     3   Next: 17%
Magic:  3/3        EV: 11    Int: 13    God:    Xom [*.....]
Gold:   6          SH:  0    Dex: 12    Spells: 2/2 levels left

rFire    . . .     SeeInvis .   a - +0 mace (chaos)
rCold    . . .     Faith    .   (no shield)
rNeg     . . .     Spirit   .   b - +2 leather armour
rPois    .         Reflect  .   (no helmet)
rElec    .         Harm     .   (no cloak)
rCorr    .         Rampage  .   (no gloves)
Will     .....                  i - +0 pair of boots
Stlth    +.........             (no amulet)
HPRegen  0.09/turn              (no ring)
MPRegen  0.08/turn              (no ring)

@: no status effects
A: slimy green scales 1, demonic magic 1
a: Renounce Religion


You were on level 2 of the Dungeon.
You worshipped Xom.
You were a special plaything of Xom.
You visited 1 branch of the dungeon, and saw 2 of its levels.

You collected 6 gold pieces.

Inventory:

Hand Weapons
 a - a +0 mace of chaos (weapon)
Missiles
 f - a throwing net (quivered)
Armour
 b - a +2 leather armour (worn)
 i - a +0 pair of boots (worn)
Scrolls
 g - a scroll of teleportation {unknown}
 j - a scroll of identify {unknown}
Potions
 c - 3 potions of mutation {unknown}
 d - a potion of berserk rage {unknown}
 e - a potion of magic {unknown}
 h - a potion of resistance {unknown}


   Skills:
 - Level 3.0 Fighting
 * Level 3.9 Maces & Flails
 - Level 1.7 Armour
 - Level 0.8 Dodging


You had 2 spell levels left.
You didn't know any spells.
Your spell library contained the following spells:

 Spells                   Type           Power      Damage    Failure   Level
 Confusing Touch          Hex            0%         N/A       75%         3
 Gell's Gravitas          Tloc           0%         N/A       75%         3
 Petrify                  Tmut/Erth      0%         N/A       98%         4
 Metabolic Englaciation   Hex/Ice        0%         N/A       100%        5
 Yara's Violent Unravell  Hex/Tmut       0%         3d3       100%        5


Dungeon Overview and Level Annotations

Branches:
Dungeon (2/15)

Altars:

Shops:
D:2 [*([

Annotations:
D:2 Sigmund


Innate Abilities, Weirdness & Mutations

You are partially covered in slimy green scales. (AC +2)
Spells you cast may paralyse adjacent enemies.


Message History

You barely miss Sigmund. Sigmund misses you.
You closely miss Sigmund. Sigmund hits you with a +0 scythe!
You hit Sigmund.
Sigmund is poisoned.
Sigmund is lightly wounded.
Sigmund hits you but does no damage.
You hit Sigmund.
Sigmund suddenly seems more agile.
Xom thinks this is hilarious!
Sigmund is moderately wounded.
Sigmund misses you.
You barely miss Sigmund.
Sigmund is moderately wounded.
Sigmund gestures at you while chanting.
You are confused.
Sigmund barely misses you.
You are too confused!
You are too confused!
You are too confused!
You are too confused!
You are too confused!
You are too confused!
You are too confused!
You are too confused!
You are too confused!
You are too confused!
You are too confused!
You are too confused!
You are too confused!
You are too confused!
You bump into the rock wall.
Sigmund barely misses you.
You hit Sigmund.
Sigmund flickers and vanishes!
Deactivating autopickup; reactivate with Ctrl-A.
Something hits you.
You miss something. Something hits you.
You completely miss something. Something hits you but does no damage.
You bump into the rock wall.
You feel less confused. Something hits you!
* * * LOW HITPOINT WARNING * * *
Something hits you!
You die...

#.# #.# .
#.# .. #.#
... #.#
.... #.#
..... #.#
......###.#
#..{.@.#
#......#
#......#
#......#
#......#
#.?....#
#......#
#......#


There were no monsters in sight!

Vanquished Creatures
  3 dart slugs
  7 endoplasms
  3 giant cockroaches
  4 goblins
  2 ball pythons
  3 bats (D:1)
  5 rats
27 creatures vanquished.

Notes
Turn   | Place    | Note
-------+----------+-------------------------------------------
     0 | D:1      | Froggeryz the Demonspawn Chaos Knight began the quest for
                  | the Orb.
     0 | D:1      | Reached XP level 1. HP: 18/18 MP: 1/1
    22 | D:1      | XOM: silly message
    56 | D:1      | Found a faded altar of an unknown god.
   149 | D:1      | Gained mutation: You are partially covered in slimy green
                  | scales. (AC +2) [demonic ancestry]
   149 | D:1      | Reached XP level 2. HP: 20/24 MP: 2/2
   271 | D:1      | XOM: divination: magic mapping
  1225 | D:1      | XOM: noise
  1235 | D:2      | Found Ytifuebb's Antique Armour Shop.
  1237 | D:2      | Found Anopowk's General Store.
  1244 | D:2      | Gained mutation: Spells you cast may paralyse adjacent
                  | enemies. [demonic ancestry]
  1244 | D:2      | Reached XP level 3. HP: 29/29 MP: 3/3
  1254 | D:2      | Found Naur's Antique Weapon Shoppe.
  1301 | D:2      | Found Jablew's Armour Emporium.
  1329 | D:2      | XOM: summons 3 hostile shadow creatures
  1368 | D:2      | Noticed Sigmund
  1382 | D:2      | Slain by Sigmund

Illustrated notes

Levels and vault maps discovered:
D:1:      pf_arrival_petrified_forest, layout_basic,
          hellmonk_ecumenical_altar_zigzags, minmay_misc_feat_room,
          roderic_lattice_a, hangedman_decor_diamond_cutter,
          kennysheep_another_room, nrook_campfire
D:2:      layout_rooms, serial_shops, shop, shop,
          nicolae_shop_competitors_out_of_business, shop, st_stairs_14,
          kennysheep_generic_room_3, uniq_terence, uniq_jessica, uniq_sigmund

Skill      XL: |  1 |
---------------+----+-----
Maces & Flails | 3 |  3.9
Fighting       | |  3.0
Armour         | |  1.7
Dodging        | |  0.8

Action                   || total
-------------------------++-------
Melee: Mace              ||    76
 Stab: Paralysed         ||     2
       Confused          ||     2
Armor: Leather armour    ||    46
Dodge: Dodged            ||    54

Table legend: (Time is in decaauts)
 A = Elapsed time spent in this place.
 B = Non-inter-level travel time spent in this place.
 C = Inter-level travel time spent in this place.
 D = Time resting spent in this place.
 E = Time spent auto-exploring this place.
 F = Levels seen in this place.
 G = Mean time per level.
                   A        B        C        D        E       F      G
               +--------+--------+--------+--------+--------+-----+--------+
         Total |   1398 |   1368 |     30 |      0 |   1169 |   2 |  699.0 |
       Dungeon |   1398 |   1368 |     30 |      0 |   1169 |   2 |  699.0 |
               +--------+--------+--------+--------+--------+-----+--------+

Top non-repeatable levels by time:
     D:1: 1245 daAuts
     D:2: 153 daAuts
